 Dungeon Crawl Stone Soup version 0.25.1-2-g60ff931df9 (webtiles) character file.

Game seed: 5886604891098066992

228 Arcadio the Gusty (level 5, 0/38 HPs)
             Began as a Draconian Air Elementalist on Dec 3, 2020.
             Slain by an iguana (10 damage)
             ... on level 2 of the Dungeon.
             The game lasted 00:19:04 (4954 turns).

Arcadio the Gusty (Draconian Air Elementalist)      Turns: 4954, Time: 00:19:04

Health: 0/38       AC:  5    Str: 11    XL:     5   Next: 70%
Magic:  4/8        EV: 13    Int: 16    God:
Gold:   155        SH:  0    Dex: 11    Spells: 2/8 levels left

rFire    . . .     SeeInvis .   l - +0 dagger
rCold    . . .     Gourm    .   (no shield)
rNeg     . . .     Faith    .   (armour unavailable)
rPois    .         Spirit   .   (helmet restricted)
rElec    .         Reflect  .   (no cloak)
rCorr    .         Harm     .   (no gloves)
MR       .....                  (no boots)
Stlth    ++........             (no amulet)
HPRegen  0.12/turn              (no ring)
MPRegen  0.11/turn              (no ring)

@: no status effects
A: unfitting armour, cold-blooded, AC +5
a: no special abilities


You were on level 2 of the Dungeon.
You were not hungry.

You visited 1 branch of the dungeon, and saw 3 of its levels.

You collected 155 gold pieces.

Inventory:

Hand Weapons
 c - a +0 spear
 g - a +0 club
 j - a cursed -1 spear
 l - a +0 dagger (weapon)
Missiles
 h - 53 stones (quivered)
 o - 2 throwing nets
Armour
 a - a +0 pair of boots
 f - a +1 cloak
Jewellery
 m - a cursed ring of attention {unknown}
Wands
 v - a wand of disintegration (15)
Scrolls
 e - a scroll of magic mapping
 i - 2 scrolls of enchant weapon {unknown}
 k - a scroll of enchant armour
 n - a scroll of remove curse {unknown}
 p - a scroll of fear {unknown}
 r - a scroll of random uselessness {unknown}
 w - a scroll of identify
Potions
 d - 5 potions of curing
 q - a potion of brilliance
 s - a potion of magic {unknown}
 u - a potion of resistance {unknown}
Comestibles
 b - 5 rations


   Skills:
 + Level 4.0 Dodging
 - Level 1.7 Stealth
 - Level 2.0 Spellcasting
 - Level 1.0 Conjurations
 + Level 5.0 Air Magic


You had 2 spell levels left.
You knew the following spells:

 Your Spells              Type           Power        Failure   Level  Hunger
a - Shock                 Conj/Air       ##..         6%          1    #......
b - Swiftness             Chrm/Air       #.......     11%         2    ###....
c - Static Discharge      Conj/Air       ##......     19%         3    ###....

Your spell library contained the following spells:

 Spells                   Type           Power        Failure   Level  Hunger
 Airstrike                Air            ###.......   26%         4    #####..
 Lightning Bolt           Conj/Air       ##........   86%         5    ######.


Dungeon Overview and Level Annotations

Branches:
Dungeon (3/15)

Altars:
Nemelex Xobeh
Okawaru


Innate Abilities, Weirdness & Mutations

Your plain brown scales are hard. (AC +5)
You cannot fit into any form of body armour.
You are cold-blooded and may be slowed by cold attacks.


Message History

Aiming: Shock (safe; 6% risk of failure)
Press: ? - help, Shift-Dir - straight line, f/p - iguana
Aim: an iguana (severely wounded)
The zap misses the iguana.
The iguana bites you!
Unknown command.
There is an open door here.
The iguana bites you!
* * * LOW HITPOINT WARNING * * *
Casting: Shock (safe; 6% risk of failure)
Confirm with . or Enter, or press ? or * to list all spells.
You feel quick. The iguana closely misses you.
There is a stone staircase leading down here.
You start to feel a little slower.
You feel sluggish.
You start to feel a little faster.
There is an open door here.
The iguana closely misses you.
You no longer feel sluggish.
The iguana bites you!
You die...

.............#####
#....#.###.###
######.......#######'####.#
#.#
#..........##........###.#
#...........'........##.##
#.#####.....#........##.#
#.# #.....########.##.# #.#
#####.# #.##.#### #.# #l#
##.......# #.#########@#
###.....##.# #...........#
#.#..##.##.# ###########.#
#.#..##.##.#
####.#####.#..##.##.#
#...>>...l....##.##.#
##########.#####....# #.#
###### #.# #.#


You could see an iguana.

Vanquished Creatures
  An orc priest (D:2)
  An orc wizard (D:2)
  A worker ant (D:1)
  5 adders
  2 oozes (D:1)
  A worm (D:3)
  4 dart slugs
  4 leopard geckos
  8 orcs
  3 giant cockroaches
  7 goblins
  6 hobgoblins
  2 jackals (D:3)
  6 kobolds
  A quokka (D:3)
  3 ball pythons
  5 bats
  4 frilled lizards
  9 rats
73 creatures vanquished.

Notes
Turn   | Place    | Note
-------+----------+-------------------------------------------
     0 | D:1      | Arcadio the Draconian Air Elementalist began the quest for
                  | the Orb.
     0 | D:1      | Reached XP level 1. HP: 14/14 MP: 3/3
   247 | D:1      | Reached XP level 2. HP: 19/20 MP: 0/5
   258 | D:1      | Learned a level 2 spell: Swiftness
   777 | D:1      | Reached XP level 3. HP: 24/26 MP: 4/6
  1446 | D:2      | Found a sparkling altar of Nemelex Xobeh.
  1502 | D:2      | Found an iron altar of Okawaru.
  1717 | D:1      | Reached skill level 4 in Air Magic
  1717 | D:1      | Reached XP level 4. HP: 16/33 MP: 0/7
  1888 | D:2      | Learned a level 3 spell: Static Discharge
  2827 | D:2      | Reached XP level 5. HP: 38/38 MP: 5/8
  4372 | D:2      | Reached skill level 5 in Air Magic
  4954 | D:2      | Slain by an iguana

Illustrated notes

Levels and vault maps discovered:
D:1:      saegor_arrival_miasma, layout_rooms, serial_glass, glass_columns_a,
          glass_columns_c, glass_columns_b, glass_columns_c, glass_columns_a,
          glass_columns_a, chequers_serial_rivers_micro_a, st_stairs_7,
          serial_bayou_lagoon_a, chequers_jeans, minmay_distorted
D:2:      cheibrodos_old_hovel, layout_basic, okawaru_trees_1,
          overflow_temple_1_default, minmay_pentomino_z4
D:3:      wander_river, layout_basic, overflow_temple_1_default,
          nicolae_overflow_hidden_temple

Skill      XL: |  1  2  3  4  5 |
---------------+----------------+-----
Dodging        | 2 3 4 |  4.0
Air Magic      | 4 5 |  5.0
Stealth        | |  1.7
Spellcasting   | |  2.0
Conjurations   | |  1.0

Action                   |  1- 3 |  4- 6 || total
-------------------------+-------+-------++-------
Melee: Unarmed           |     9 |       ||     9
       Tailslap          |     2 |     8 ||    10
       Club              |    13 |       ||    13
       Dagger            |    14 |    63 ||    77
 Cast: Shock             |    60 |   112 ||   172
       Static Discharge  |       |     6 ||     6
       Swiftness         |       |     2 ||     2
  Use: Scroll            |     3 |     3 ||     6
  Eat: Chunk             |     3 |     8 ||    11
       Ration            |       |     2 ||     2
Armor: Skin              |    12 |    24 ||    36
Dodge: Dodged            |    41 |    74 ||   115
